 Dungeon Crawl Stone Soup version 0.17-a0-913-g36eb389 (webtiles) character file.

63 drasked the Magician (level 3, 0/19 HPs)
             Began as a Deep Elf Ice Elementalist on May 3, 2015.
             Slain by an ogre
             ... wielding a +0 giant club
              (14 damage)
             ... on level 3 of the Dungeon.
             The game lasted 00:08:20 (2180 turns).

drasked the Magician (Deep Elf Ice Elementalist)    Turns: 2180, Time: 00:08:20

Health: 0/19       AC: 14    Str:  5    XL:     3   Next: 87%
Magic:  6/11       EV: 13    Int: 20    God:
Gold:   85         SH:  0    Dex: 15    Spells: 3 memorised, 5 levels left

rFire  . . .     SeeInvis .     s - +2 dagger (protect)
rCold  . . .     Clarity  .     a - +0 robe
rNeg   . . .     SustAb   .     (no shield)
rPois  .         Gourm    .     (no helmet)
rElec  .         Spirit   .     (no cloak)
rCorr  .         Warding  .     (no gloves)
rMut   .         Stasis   .     (no boots)
MR     .....                    (no amulet)
Stlth  ++........               (no ring)
                                q - +1 ring of protection

@: icy armour, not resistant to hostile enchantments, unstealthy
A: no striking features
a: no special abilities


You were on level 3 of the Dungeon.
You were hungry.

You visited 1 branch of the dungeon, and saw 3 of its levels.

You collected 85 gold pieces.

Inventory:

Hand weapons
 e - a +0 whip
   (You took it off a kobold on level 1 of the Dungeon)
 s - a +2 dagger of protection (weapon)
   (You found it on level 3 of the Dungeon)
Armour
 a - a +0 robe (worn)
Jewellery
 q - a +1 ring of protection (left hand)
   (You found it on level 3 of the Dungeon)
Magical devices
 p - a wand of magic darts (22)
   (You found it on level 3 of the Dungeon)
Scrolls
 d - a scroll of immolation {unknown}
 g - a scroll of remove curse {unknown}
 h - 2 scrolls of random uselessness {unknown}
 j - a scroll of teleportation {unknown}
Potions
 i - a potion of curing {unknown}
 l - a potion of resistance {unknown}
 m - a potion of lignification {unknown}
Books
 b - a book of Frost
 k - a Necronomicon {highlevel, unknown}
   (You found it on level 3 of the Dungeon)
Comestibles
 c - 2 bread rations {@e1}
 f - a beef jerky
 n - a chunk of flesh {@w0}
 o - a slice of pizza
 r - a meat ration {@e2}


   Skills:
 - Level 2.4 Dodging
 - Level 2.4 Stealth
 + Level 4.7 Spellcasting
 - Level 1.1 Conjurations
 + Level 0.0 Charms
 + Level 4.2 Ice Magic


You had 5 spell levels left.
You knew the following spells:

 Your Spells              Type           Power        Failure   Level  Hunger
a - Freeze                Ice            ###.         2%          1    None
x - Throw Frost           Conj/Ice       ###...       10%         2    #......
A - Ozocubu's Armour      Chrm/Ice       ##......     17%         3    ##.....


Dungeon Overview and Level Annotations

Branches:
Dungeon (3/15)

Altars:


Message History

Unknown command.
q - a +1 ring of protection (left hand)
You spend a moment contemplating the meaning of life.
Put on which piece of jewellery? (? for menu, Esc to quit)
You feel more attuned to fire.
k - a ring of fire (right hand) Put on which piece of jewellery? (? for menu, Esc to quit)
You remove your ring of fire {rF+, rC-}.
You drop an uncursed ring of fire {rF+, rC-}.
There is a stone staircase leading down here.
You open the door.
Your icy armour starts to melt.
There is an open door here.
Your icy armour evaporates.
You now have 58 gold pieces (gained 7).
A kobold comes into view. It is wielding a club.
MP restored: 11 A kobold is nearby!
The kobold shouts!
A kobold comes into view. It is wielding a short sword.
The kobold shouts!
The kobold throws a stone.
The stone closely misses you.
You see here a stone.
You miscast Ozocubu's Armour.
You are very lightly contaminated with residual magic.
Strange energies run through your body.
The kobold throws a stone.
The stone closely misses you.
You now have 8/11 mp.
The kobold throws a stone.
The stone completely misses you.
Aim: a kobold, wielding a club You freeze the kobold.
You kill the kobold!
You now have 7/11 mp.
The kobold throws a stone.
The stone hits you but does no damage.
Aim: a kobold, wielding a short sword You freeze the kobold.
You kill the kobold!
You now have 6/11 mp.
Things that are here:
a short sword; a kobold corpse
Things that are here:
a club; a kobold corpse
Found a runed dagger.
Your magical contamination has completely faded away.
You now have 72 gold pieces (gained 14).
You regained 2 mp, and now have 9/11 mp.
You now have 85 gold pieces (gained 13).
k - a papyrus book {highlevel} MP restored: 11
r - a meat ration {@e2} You see here a runed dagger.
s - a runed dagger Wield which item (- for none, * to show all)? (? for menu, Esc to quit)
You feel protected!
s - a +2 dagger of protection (weapon)
You spend a moment contemplating the meaning of life.
A giant cockroach comes into view.
A film of ice covers your body!
You now have 8/11 mp.
Aim: a giant cockroach (clinging)
You freeze the giant cockroach.
You kill the giant cockroach!
You now have 7/11 mp.
You see here a giant cockroach corpse.
Your icy armour starts to melt.
Some of the chunks of flesh in your inventory have rotted away.
Your icy armour evaporates.
You open the door.
You found a shaft!
Some of the chunks of flesh in your inventory have rotted away.
There is an open door here.
You open the door.
There is an open door here.
A giant cockroach comes into view.
MP restored: 11 You strike the helpless giant cockroach from a blind spot!
You hit the giant cockroach.
You kill the giant cockroach!
No target in view!
No target in view!
A hobgoblin comes into view. It is wielding a club.
The hobgoblin shouts!
A hobgoblin is nearby!
The ogre shouts!
You hit the hobgoblin. The hobgoblin hits you with a club.
You take 3 damage, and have 16/19 hp.
You barely miss the hobgoblin. The hobgoblin hits you with a club.
You take 2 damage, and have 14/19 hp.
A film of ice covers your body!
You are feeling hungry.
The hobgoblin misses you.
You now have 8/11 mp.
Aim: a hobgoblin, wielding a club (heavily wounded)
You freeze the hobgoblin.
You kill the hobgoblin!
You now have 7/11 mp.
Aim: an ogre, wielding a giant club You freeze the ogre.
The ogre hits you with a giant club!
Ouch! That really hurt!
You die...

..................
.O.......
..................... ...
......................
.......................
........................
........................
........................
................O).......
................@........
##.......................
##.....................
##....................
####....................
.......################
.......# ######## .#..


You could see an ogre.

Vanquished Creatures
  A worm (D:2)
  4 giant geckos
  4 bats
  3 giant cockroaches
  5 goblins
  7 hobgoblins
  5 jackals
  A quokka (D:3)
  A ball python (D:2)
  2 giant newts (D:1)
  12 kobolds
  9 rats
54 creatures vanquished.

Notes
Turn   | Place    | Note
--------------------------------------------------------------
     0 | D:1      | drasked, the Deep Elf Ice Elementalist, began the quest for the Orb.
     0 | D:1      | Reached XP level 1. HP: 10/10 MP: 6/6
   252 | D:1      | Reached XP level 2. HP: 15/15 MP: 4/8
   819 | D:1      | Reached skill level 4 in Spellcasting
  1108 | D:1      | Reached XP level 3. HP: 19/19 MP: 8/10
  1170 | D:1      | Reached skill level 4 in Ice Magic
  1269 | D:1      | Learned a level 2 spell: Throw Frost
  1273 | D:1      | Learned a level 3 spell: Ozocubu's Armour
  1756 | D:2      | You fall through a shaft!
  1863 | D:3      | Noticed an ogre
  2180 | D:3      | Slain by an ogre

Action                   || total
-------------------------++-------
Melee: Whip              ||    14
       Dagger            ||     3
 Cast: Freeze            ||    71
       Ozocubu's Armour  ||     9
 Stab: Distracted        ||     1
       Sleeping          ||     1
  Eat: Chunk             ||     4

Vault maps used:
D:1:      dpeg_arrival_rooms_c, serial_bayou_pond_d, minmay_quantized
D:2:      first_bread

Table legend:
 A = Turns spent in this place as a percentage of turns spent in the entire game.
 B = Non-inter-level travel turns spent in this place as a percentage of non-inter-level travel turns spent in the entire game.
 C = Inter-level travel turns spent in this place as a percentage of turns spent in this place.
 D = Turns resting spent in this place as a percentage of non-inter-level travel turns spent in this place.
 E = Turns spent auto-exploring this place as a percentage of non-inter-level travel turns spent in this place.
 F = Non-inter-level travel turns spent in this place divided by the number of levels of this place that you've seen.
                   A       B       C       D       E      F
               +-------+-------+-------+-------+-------+----------------------
         Total | 100.0 | 100.0 |   0.3 |   5.5 |  10.5 | 228.7
       Dungeon | 100.0 | 100.0 |   0.3 |   5.5 |  10.5 | 228.7
               +-------+-------+-------+-------+-------+----------------------

Table legend:
 A = Kills in this place as a percentage of kills in entire the game.
 B = Kills by you in this place as a percentage of kills by you in the entire game.
 C = Kills by friends in this place as a percentage of kills by friends in the entire game.
 D = Other kills in this place as a percentage of other kills in the entire game.
 E = Experience gained in this place as a percentage of experience gained in the entire game.
 F = Experience gained in this place divided by the number of levels of this place that you have seen.
                   A       B       C       D       E      F
               +-------+-------+-------+-------+-------+----------------------
         Total | 100.0 | 100.0 |  -nan |  -nan | 100.0 |  30.0
       Dungeon | 100.0 | 100.0 |  -nan |  -nan | 100.0 |  30.0
               +-------+-------+-------+-------+-------+----------------------
